 Dungeon Crawl Stone Soup version 0.30-a0-800-g7c54460 (webtiles) character file.

Game seed: 6800423399350164335

13086 PublicAnimeNo1 the Tainter (level 11, -4/86 HPs)
             Began as a Demonspawn Artificer on Feb 21, 2023.
             Was an Initiate of Yredelemnul.
             Killed from afar by an orc sorcerer (17 damage)
             ... with a bolt of fire
             ... led by an orc knight
             ... on level 2 of the Orcish Mines on Feb 22, 2023.
             The game lasted 00:26:49 (10325 turns).

PublicAnimeNo1 the Tainter (Demonspawn Artificer)  Turns: 10325, Time: 00:26:50

Health: -4/86      AC:  9    Str: 14    XL:     11   Next: 71%
Magic:  6/28       EV: 14    Int: 16    God:    Yredelemnul [......]
Gold:   1101       SH:  0    Dex: 13    Spells: 14/21 levels left

rFire   + . .      SeeInvis .    A - +5 quarterstaff (venom)
rCold   . . .      Faith    +    (shield currently unavailable)
rNeg    . . .      Spirit   .    y - +2 leather armour {rPois}
rPois   +          Reflect  .    (helmet restricted)
rElec   .          Harm     .    z - +2 cloak {Will+}
rCorr   .          Rampage  .    (no gloves)
Will    +....                    b - +0 pair of boots
Stlth   ++                       K - amulet of faith
HPRegen 0.34/turn                g - ring of magical power
MPRegen 0.42/turn                M - ring of protection from fire

@: no status effects
A: horns 1, spiny 1, magic regeneration
a: Renounce Religion, Recall Undead Harvest


You were on level 2 of the Orcish Mines.
You worshipped Yredelemnul.
Yredelemnul was noncommittal.
You visited 2 branches of the dungeon, and saw 12 of its levels.

You collected 1101 gold pieces.

Inventory:

Hand Weapons
 s - a +2 dagger of pain
 x - a +2 dagger of venom
 A - a +5 quarterstaff of venom (weapon)
 C - the +2 whip of the Pyrrhic Victory {freeze, *Rage rElec rCorr}
   (You found it on level 5 of the Dungeon)

   rElec:     It insulates you from electricity.
   *Rage:     It berserks you when you make melee attacks (+20% chance).
   rCorr:     It protects you from acid and corrosion.
Missiles
 i - 17 poisoned darts
 L - a throwing net
Armour
 b - a +0 pair of boots (worn)
 w - a +2 leather armour of willpower
 y - a +2 leather armour of poison resistance (worn)
 z - a +2 cloak of willpower (worn)
 F - a +0 helmet
 G - a +0 helmet
Jewellery
 g - a ring of magical power (left hand)
 K - an amulet of faith (around neck)
 M - a ring of protection from fire (right hand)
 O - an amulet of guardian spirit
Wands
 c - a wand of flame (46)
 d - a wand of charming (14)
 j - a wand of polymorph (4)
 v - a wand of roots (16)
 D - a wand of paralysis (9)
Scrolls
 a - a scroll of butterflies
 h - a scroll of magic mapping
 k - a scroll of silence
 l - a scroll of brand weapon
 q - a scroll of vulnerability
 u - a scroll of fog
 E - 2 scrolls of identify
 H - 2 scrolls of blinking
 I - a scroll of immolation
 J - 2 scrolls of teleportation
Potions
 e - a potion of might
 f - 8 potions of curing
 m - a potion of lignification
 n - 3 potions of mutation
 o - a potion of berserk rage
 p - 5 potions of flight
 r - a potion of resistance
 t - 4 potions of attraction
 B - 2 potions of haste
 N - a potion of magic {unknown}


   Skills:
 + Level 7.8 Fighting
 - Level 0.7 Short Blades
 + Level 5.6 Staves
 - Level 1.7 Armour
 + Level 6.0 Dodging
 - Level 4.1 Stealth
 + Level 5.9 Spellcasting
 - Level 4.0 Air Magic
 + Level 10.4 Poison Magic
 + Level 6.8 Invocations
 - Level 3.0 Evocations


You had 14 spell levels left.
You knew the following spells:

 Your Spells              Type           Power      Damage    Failure   Level
a - Sting                 Tmut/Pois      84%        1d7       1%          1
b - Poisonous Vapours     Pois/Air       54%        N/A       1%          2
c - Olgreb's Toxic Radia  Pois           38%        N/A       2%          4

Your spell library contained the following spells:

 Spells                   Type           Power      Damage    Failure   Level
 Apportation              Tloc           8%         N/A       17%         1
 Necrotise                Necr           16%        1d4       17%         1
 Summon Small Mammal      Summ           16%        N/A       17%         1
 Sublimation of Blood     Necr           4%         N/A       26%         2
 Wereblood                Tmut           4%         N/A       26%         2
 Hailstorm                Conj/Ice       4%         3d4       45%         3
 Ice Form                 Ice/Tmut       4%         N/A       86%         4
 Summon Hydra             Summ           2%         N/A       100%        7
 Simulacrum               Ice/Necr       Unusable   N/A       N/A         6

Dungeon Overview and Level Annotations

Branches:
Dungeon (10/15)            Temple (0/1) D:6             Orc (2/2) D:10
   Lair: D:8-11         Elf: Orc:2

Altars:
Wu Jian
Yredelemnul

Shops:
D:6 [


Innate Abilities, Weirdness & Mutations

You have a pair of small horns on your head.
You are partially covered in sharp spines.
You regenerate magic rapidly.


Message History

Aim: a two-headed ogre, wielding a +0 giant spiked club and a +0 great mace (almost dead, extremely poisoned, ally target) Poisonous vapours surround the two-headed ogre!
The two-headed ogre looks as sick as possible!
You kill the two-headed ogre!
The dead are walking!
Your warg zombie bites the orc knight but does no damage.
You can now trade souls for undead servants.
Your Dodging skill increases to level 6!
Aiming: Poisonous Vapours (safe; 1% risk of failure)
Press: ? - help, Q - select action, (/) - cycle Dir - move target, f - orc knight
Aim: an orc knight, wielding a +0 battleaxe and wearing a +0 chain mail (lightly wounded, very poisoned, ally target) Poisonous vapours surround the orc knight!
The orc knight looks even sicker.
Your warg zombie bites the orc knight but does no damage.
Yredelemnul sends a servant to aid you.
Yredelemnul accepts your bounty of souls!
You can no longer trade souls for undead servants.
Your vampire closely misses the orc knight.
Your vampire misses the orc knight.
There is a stone staircase leading up, spattered with blood here.
You hit the orc knight.
The orc knight looks as sick as possible!
The orc knight is moderately wounded.
The orc knight hits you with a +0 battleaxe!!
* * * LOW HITPOINT WARNING * * *
The orc knight hits your vampire with a +0 battleaxe!
Your vampire hits the orc knight.
Your vampire closely misses the orc knight.
The orc knight attacks as you move away!
The orc knight hits you with a +0 battleaxe!
* * * LOW HITPOINT WARNING * * *
The orc knight hits your vampire with a +0 battleaxe.
An orc sorcerer comes into view. It is wielding a +0 dagger.
Your vampire hits the orc knight.
Your vampire bites the orc knight.
Your vampire draws strength from the orc knight's injuries!
You swap places.
The orc sorcerer points at you and mumbles some strange words.
The bolt of fire hits you! You resist.
You die...
Your body rises from the dead as a mindless zombie.

......$o..##
..........#.)..##
..........#.##.#.##
..................##
...#..........o..#.##
......#.#.###..#....#
..........#..).....##
...................##
........@...)..).....#
.......Z#)............#
.....)).oV..).....#...#
...)....).#...)...##.##
.......#)#........# ##
...)...............#
.........#........##
..........#......##
.........#......##


You could see an orc sorcerer (strong), a friendly vampire (summoned) and a
friendly orc warrior zombie.

Vanquished Creatures
  3 two-headed ogres
  Nergalle (Orc:1)
  Pikel (D:6)
  4 orc sorcerers
  Joseph (D:8)
  A troll (Orc:1)
  Grinder (D:3)
  Prince Ribbit (D:6)
  A slime creature (D:8)
  Sigmund (D:3)
  A shadow (D:10)
  A wraith (D:10)
  6 yaks (D:10)
  A wyvern (D:8)
  Eustachio (D:4)
  A steam dragon (D:9)
  Edmund (D:4)
  A warg (Orc:1)
  A water moccasin (D:8)
  A two-headed ogre zombie (D:10)
  6 orc warriors
  An ice beast (D:5)
  A sky beast (D:8)
  2 ogres (Orc:1)
  4 lemures (D:6)
  2 phantoms (D:10)
  A bullfrog (D:8)
  2 kobold brigands
  2 necrophages
  5 scorpions
  2 troll zombies (D:10)
  9 killer bees
  7 howler monkeys
  2 lava snakes (D:9)
  9 orc priests
  4 gnoll boudas
  5 hounds
  A jelly (D:6)
  Jessica (D:3)
  Crazy Yiuf (D:3)
  Ijyb (D:3)
  4 iguanas
  14 orc wizards
  Terence (D:3)
  2 ogre zombies (D:10)
  31 gnolls
  9 adders
  A shadow imp (D:8)
  A white imp (D:8)
  3 ufetubi
  3 worms
  A dart slug (D:5)
  49 orcs
  5 ball pythons
  4 bats
  4 endoplasms
  2 giant cockroaches
  10 goblins
  9 hobgoblins
  18 jackals (D:3)
  6 quokkas
  A frilled lizard (D:1)
  A goblin skeleton (D:10)
  A goblin zombie (D:10)
  A hobgoblin skeleton (D:10)
  7 kobolds
  An orc skeleton (D:10)
  9 orc zombies (D:10)
  4 rats
300 creatures vanquished.

Vanquished Creatures (collateral kills)
  3 yaks (D:10)
  A steam dragon (D:8)
  A warg (Orc:2)
  2 orc warriors
  Blork the orc (D:6)
  A gnoll sergeant (D:10)
  A scorpion (D:6)
  A troll zombie (D:10)
  An orc priest (Orc:1)
  An adder (D:5)
  6 gnolls
  2 orcs
  A jackal (D:3)
  An orc skeleton (D:10)
  3 orc zombies (D:10)
26 creatures vanquished.

Vanquished Creatures (others)
  A wyvern zombie (D:8)
  A scorpion zombie (D:5)
  3 killer bee zombies
  A hound zombie (D:5)
  A howler monkey zombie (D:8)
  A steam dragon zombie (D:9)
  23 orc zombies
  A spectral shadow imp (D:8)
  An adder zombie (D:5)
  3 gnoll zombies
  A dart slug zombie (D:5)
  A kobold zombie (D:9)
  2 plants (D:3)
40 creatures vanquished.

Grand Total: 366 creatures vanquished

Notes
Turn   | Place    | Note
-------+----------+-------------------------------------------
     0 | D:1      | PublicAnimeNo1 the Demonspawn Artificer began the quest for
                  | the Orb.
     0 | D:1      | Reached XP level 1. HP: 15/15 MP: 1/1
    47 | D:1      | Reached skill level 1 in Dodging
    47 | D:1      | Reached skill level 1 in Stealth
   346 | D:1      | Gained mutation: You are partially covered in sharp spines.
                  | [demonic ancestry]
   346 | D:1      | Reached XP level 2. HP: 21/21 MP: 2/2
   786 | D:2      | Learned a level 1 spell: Sting
   808 | D:2      | Reached skill level 1 in Spellcasting
   808 | D:2      | Reached XP level 3. HP: 20/27 MP: 4/4
   987 | D:2      | Reached skill level 1 in Poison Magic
  1058 | D:2      | Identified the +3 dagger of the Transmuting Priest {flame,
                  | rF- Dex+3 Stlth+}
  1449 | D:3      | Reached XP level 4. HP: 33/33 MP: 6/6
  1648 | D:3      | Noticed Ijyb
  1661 | D:3      | Noticed Sigmund
  1664 | D:3      | Your ally Ijyb died
  1665 | D:3      | Reached skill level 2 in Poison Magic
  1667 | D:3      | Killed Sigmund
  1668 | D:3      | Reached skill level 3 in Poison Magic
  1668 | D:3      | Gained mutation: You regenerate magic rapidly. [demonic
                  | ancestry]
  1668 | D:3      | Reached XP level 5. HP: 32/41 MP: 6/8
  1668 | D:3      | Reached XP level 6. HP: 37/47 MP: 6/9
  1680 | D:3      | Learned a level 2 spell: Poisonous Vapours
  1794 | D:3      | Reached skill level 4 in Poison Magic
  1967 | D:3      | Noticed Jessica
  1970 | D:3      | Killed Jessica
  1971 | D:3      | Reached skill level 1 in Air Magic
  2131 | D:3      | Noticed Grinder
  2136 | D:3      | Killed Grinder
  2137 | D:3      | Reached skill level 5 in Poison Magic
  2137 | D:3      | Reached XP level 7. HP: 38/53 MP: 11/11
  2233 | D:3      | Learned a level 4 spell: Olgreb's Toxic Radiance
  2570 | D:3      | Noticed Terence
  2582 | D:3      | Killed Terence
  2871 | D:3      | Reached XP level 8. HP: 39/61 MP: 8/12
  3182 | D:3      | Found a runed translucent door.
  3183 | D:3      | Noticed Crazy Yiuf
  3188 | D:3      | Killed Crazy Yiuf
  3284 | D:4      | Noticed Edmund
  3284 | D:4      | Noticed Eustachio
  3362 | D:4      | Killed Edmund
  3363 | D:4      | Reached skill level 6 in Poison Magic
  3465 | D:4      | Killed Eustachio
  3466 | D:4      | Reached skill level 1 in Staves
  3986 | D:5      | Entered Level 5 of the Dungeon
  4062 | D:5      | Identified the +2 whip of the Pyrrhic Victory {freeze,
                  | *Rage rElec rCorr}
  4250 | D:5      | Found a basalt altar of Yredelemnul.
  4369 | D:5      | Became a worshipper of Yredelemnul the Dark
  4550 | D:5      | Reached * piety under Yredelemnul
  4551 | D:5      | Reached skill level 5 in Fighting
  4593 | D:5      | Reached ** piety under Yredelemnul
  4632 | D:5      | Reached XP level 9. HP: 58/68 MP: 13/13
  4668 | D:5      | Noticed a two-headed ogre
  4686 | D:5      | Killed a two-headed ogre
  4687 | D:5      | Reached skill level 7 in Poison Magic
  4971 | D:6      | Found Damerph's Armour Shoppe.
  5022 | D:6      | Found a staircase to the Ecumenical Temple.
  5049 | D:6      | Noticed Prince Ribbit
  5051 | D:6      | Noticed Blork the orc
  5057 | D:6      | Killed Blork the orc
  5064 | D:6      | Killed Prince Ribbit
  5065 | D:6      | Reached skill level 1 in Invocations
  5328 | D:6      | Noticed Pikel
  5340 | D:6      | Killed Pikel
  5341 | D:6      | Reached *** piety under Yredelemnul
  5341 | D:6      | Reached skill level 8 in Poison Magic
  5931 | D:7      | Reached XP level 10. HP: 76/76 MP: 15/15
  6096 | D:7      | Identified the +2 scale mail of Teczui {rC+}
  6915 | D:8      | Noticed Joseph
  6933 | D:8      | Killed Joseph
  6936 | D:8      | Found an ornate altar of the Wu Jian Council.
  7495 | D:9      | Reached skill level 9 in Poison Magic
  7922 | D:9      | Noticed a two-headed ogre
  7937 | D:9      | Killed a two-headed ogre
  8176 | D:10     | Entered Level 10 of the Dungeon
  8291 | D:10     | Found a staircase to the Orcish Mines.
  8304 | D:10     | Reached skill level 5 in Dodging
  8622 | D:10     | Reached skill level 5 in Invocations
  8847 | D:10     | Gained mutation: You have a pair of small horns on your
                  | head. [demonic ancestry]
  8847 | D:10     | Reached XP level 11. HP: 82/84 MP: 18/18
  8900 | D:10     | Reached skill level 5 in Spellcasting
  9044 | Orc:1    | Entered Level 1 of the Orcish Mines
  9514 | Orc:1    | Reached skill level 10 in Poison Magic
  9564 | Orc:1    | Noticed an orc sorcerer
  9610 | Orc:1    | Reached skill level 5 in Staves
  9784 | Orc:1    | Noticed an orc sorcerer
  9792 | Orc:1    | Killed an orc sorcerer
  9847 | Orc:1    | Noticed Nergalle
  9861 | Orc:1    | Killed Nergalle
  9957 | Orc:1    | Killed an orc sorcerer
 10097 | Orc:2    | Entered Level 2 of the Orcish Mines
 10286 | Orc:2    | Noticed an orc sorcerer
 10287 | Orc:2    | Noticed an orc sorcerer
 10292 | Orc:2    | Killed an orc sorcerer
 10294 | Orc:2    | Noticed a two-headed ogre
 10298 | Orc:2    | Killed an orc sorcerer
 10301 | Orc:2    | Noticed an orc knight
 10317 | Orc:2    | Killed a two-headed ogre
 10323 | Orc:2    | Noticed an orc sorcerer
 10325 | Orc:2    | Killed from afar by an orc sorcerer

Illustrated notes

Levels and vault maps discovered:
D:1:      dpeg_arrival_rhombi, layout_basic, feat_on_display
D:2:      layout_basic, minmay_close_crescents
D:3:      lemuel_castle_with_subvaults [lemuel_castle_interior_carwin_1],
          layout_basic, uniq_crazy_yiuf_cottage, uniq_sigmund, uniq_terence,
          uniq_jessica, uniq_ijyb, uniq_grinder
D:4:      layout_rooms, uniq_edmund, uniq_eustachio
D:5:      layout_loops_ring, kennysheep_ying_yang, roderic_serpentine_path,
          minmay_divided_ellipse
D:6:      layout_gridville, minmay_temple_entry_tees, serial_shops,
          nicolae_stop_n_shop_1, uniq_pikel, uniq_blork_the_orc,
          uniq_prince_ribbit1
D:7:      layout_rooms
D:8:      layout_basic, kennysheep_little_box, kennysheep_small_square,
          uniq_joseph
D:9:      layout_long_grid, nicolae_lava_and_water, minmay_misc_feat_tower
D:10:     layout_gridville, zombieorc2_lemuel, nicolae_elevator_lobby_asterisk
Orc:1:    layout_diamond_mine, uniq_nergalle
Orc:2:    grunt_orc_cross, layout_caves, uniq_donald

Skill      XL: |  1  2  3  4  5  6  7  8  9 10 11 |
---------------+----------------------------------+-----
Dodging        | 1 2 4 5 6 |  6.0
Stealth        | 1 2 3 4 |  4.1
Spellcasting   | 1 2 3 4 5 |  5.9
Poison Magic   | 1 3 5 6 8 9 10 | 10.4
Fighting       | 2 3 4 5 6 7 |  7.8
Air Magic      | 1 2 3 4 |  4.0
Staves         | 2 3 4 5 |  5.6
Invocations    | 2 5 6 |  6.8
Short Blades   | |  0.7
Armour         | |  1.7
Evocations     | |  3.0

Action                     |  1- 3 |  4- 6 |  7- 9 | 10-12 || total
---------------------------+-------+-------+-------+-------++-------
  Melee: Dagger            |    75 |    78 |   108 |       ||   261
         Club              |     5 |       |       |       ||     5
         Punch             |       |       |     2 |       ||     2
         Quarterstaff      |       |       |   135 |   225 ||   360
         Headbutt          |       |       |       |    18 ||    18
   Cast: Sting             |       |     5 |     5 |       ||    10
         Poisonous Vapours |       |       |    58 |    53 ||   111
         Olgreb's Toxic Ra |       |       |     4 |    26 ||    30
 Invoke: Recall Undead Har |       |       |     1 |     5 ||     6
         Dark Bargain      |       |       |     1 |     3 ||     4
  Evoke: Wand              |     7 |    14 |    11 |     3 ||    35
    Use: Scroll            |     6 |     4 |     7 |     6 ||    23
         Potion            |       |       |     2 |     3 ||     5
   Stab: Sleeping          |     2 |     2 |     1 |     3 ||     8
         Distracted        |       |       |     2 |     1 ||     3
 Armour: Leather armour    |    15 |    16 |    70 |    44 ||   145
         Skin              |       |       |     7 |    24 ||    31
  Dodge: Dodged            |    43 |    32 |   140 |   114 ||   329

Table legend: (Time is in decaauts)
 A = Elapsed time spent in this place.
 B = Non-inter-level travel time spent in this place.
 C = Inter-level travel time spent in this place.
 D = Time resting spent in this place.
 E = Time spent auto-exploring this place.
 F = Levels seen in this place.
 G = Mean time per level.
                   A        B        C        D        E       F      G
               +--------+--------+--------+--------+--------+-----+--------+
         Total |  10371 |   9931 |    440 |   1414 |   6410 |  12 |  864.2 |
       Dungeon |   9089 |   8690 |    399 |    968 |   5843 |  10 |  908.9 |
  Orcish Mines |   1282 |   1242 |     40 |    446 |    567 |   2 |  641.0 |
               +--------+--------+--------+--------+--------+-----+--------+

Top non-repeatable levels by time:
     D:3: 1914 daAuts
   Orc:1: 1055 daAuts
     D:8: 1043 daAuts
     D:5: 994 daAuts
     D:9: 955 daAuts
    D:10: 875 daAuts
     D:2: 858 daAuts
     D:6: 793 daAuts
     D:1: 666 daAuts
     D:4: 558 daAuts
     D:7: 431 daAuts
   Orc:2: 227 daAuts
